 Dungeon Sprint DCSS version 0.27-a0-1513-g2aaa0cc67b (webtiles) character file.

Game seed: 4422851025762954348

2 mhtbhm the Skirmisher (level 1, 0/20 HPs)
             Began as a Minotaur Fighter on July 10, 2021.
             Was an Initiate of the Shining One.
             Succumbed to a scorpion's poison
             ... in the Dungeon (Sprint VII: "The Pits").
             The game lasted 00:00:16 (72 turns).

mhtbhm the Skirmisher (Minotaur Fighter)              Turns: 72, Time: 00:00:17

Health: 0/20       AC:  7    Str: 20    XL:     1   Next: 25%
Magic:  0/0        EV:  7    Int:  5    God:    the Shining One [......]
Gold:   0          SH:  9    Dex:  9    Spells: 0/0 levels left

rFire    . . .     SeeInvis .   a - +2 hand axe
rCold    . . .     Faith    .   c - +0 kite shield
rNeg     . . .     Spirit   .   b - +0 scale mail
rPois    .         Reflect  .   (helmet restricted)
rElec    .         Harm     .   (no cloak)
rCorr    .         Rampage  .   (no gloves)
Will     .....     NoTele   +   (no boots)
Stlth    ..........             (no amulet)
HPRegen  0.06/turn              (no ring)
MPRegen  0.07/turn              (no ring)

@: lethally poisoned (0 -> -9), glowing
A: horns 2, retaliatory headbutt
a: Renounce Religion


You were in the Dungeon.
You worshipped the Shining One.
The Shining One was noncommittal.
You visited 1 branch

Inventory:

Hand Weapons
 a - a +2 hand axe (weapon)
Armour
 b - a +0 scale mail (worn)
 c - a +0 kite shield (worn)
Scrolls
 j - a scroll of blinking
 k - 5 scrolls of amnesia
 l - a scroll of summoning
Potions
 d - a potion of might
 e - a potion of curing
 f - a potion of heal wounds
 g - a potion of haste
 h - 4 potions of magic
 i - 3 potions of berserk rage


   Skills:
 + Level 4.0 Fighting
 + Level 2.5 Axes
 + Level 4.0 Armour
 + Level 4.0 Shields


You couldn't memorise any spells.
You didn't know any spells.
Your spell library was empty.

Dungeon Overview and Level Annotations

Branches:
Dungeon (1/1)

Altars:
Ashenzari
Cheibriados
Dithmenos
Elyvilon
Fedhas
Gozag
Hepliaklqana
Kikubaaqudgha
Makhleb
Nemelex Xobeh
Okawaru
Qazlal
Ru
Sif Muna
Trog
Uskayaw
Vehumet
Wu Jian
Xom
Yredelemnul
Zin
The Shining One
Beogh
Jiyva
Lugonu


Innate Abilities, Weirdness & Mutations

You have a pair of horns on your head.
You reflexively headbutt those who attack you in melee.


Message History

k - 5 scrolls of amnesia;
l - a scroll of summoning You see here 2 scrolls of vulnerability.
You see here 2 scrolls of vulnerability.
You see here 10 stones.
You see here 2 potions of invisibility.
There is an open door here.
Things that are here:
a +2 falchion; a +2 dagger Drop what? 12/52 slots (_ for help) (? for menu, Esc to quit)
You are now empty-handed.
You drop a +0 war axe.
Okay, then.
Things that are here:
a +2 quarterstaff; a +2 trident of protection
Things that are here:
a +2 mace; a +2 hand axe
a - a +2 hand axe
a - a +2 hand axe (weapon)
There is an open door here.
You open the door.
A rat and a scorpion come into view.
You hit the rat.
You kill the rat!
The scorpion closely misses you.
Your Fighting skill increases to level 4!
Your Armour skill increases to level 4!
Your Shields skill increases to level 4!
Your shield prevents you from hitting the scorpion.
Your headbutt misses the scorpion. You block the scorpion's attack.
The scorpion stings you!
You barely miss the scorpion. The scorpion stings you.
You are lethally poisoned!
The scorpion poisons you! You block the scorpion's attack.
You hit the scorpion.
The scorpion is lightly wounded.
* * * LOW HITPOINT WARNING * * *
You feel very sick.
The scorpion stings you but does no damage.
You hit the scorpion but do no damage.
The scorpion is lightly wounded.
You die...

############
#_________.#
#_________.#
#_______...###########++
##########'##...........
#.?(!')))'.##......#..#.
##########.##...........
#......@...†'...........
#+#####s#####......#..#.
... #........... #...#
####'#####++ #####
#.......# #.......#
#.......# #...<...#
#.......#


You could see a scorpion.

Vanquished Creatures
  A quokka (D)
  A rat (D)
2 creatures vanquished.

Notes
Turn   | Place    | Note
-------+----------+-------------------------------------------
     0 | D        | mhtbhm the Minotaur Fighter began the quest for the Orb.
     0 | D        | Reached XP level 1. HP: 19/19 MP: 0/0
    21 | D        | Found a bloodstained altar of Trog.
    21 | D        | Found a shimmering blue altar of Sif Muna.
    21 | D        | Found a viscous altar of Jiyva.
    21 | D        | Found a hazy altar of Hepliaklqana.
    21 | D        | Found an opulent altar of Gozag.
    22 | D        | Found a glowing golden altar of the Shining One.
    22 | D        | Found a glowing silver altar of Zin.
    22 | D        | Found a basalt altar of Yredelemnul.
    22 | D        | Found a shimmering altar of Xom.
    22 | D        | Found an ornate altar of the Wu Jian Council.
    22 | D        | Found a sacrificial altar of Ru.
    22 | D        | Found a stormy altar of Qazlal.
    22 | D        | Found an iron altar of Okawaru.
    22 | D        | Found a sparkling altar of Nemelex Xobeh.
    22 | D        | Found a burning altar of Makhleb.
    22 | D        | Found a blossoming altar of Fedhas.
    22 | D        | Found a white marble altar of Elyvilon.
    22 | D        | Found a shadowy altar of Dithmenos.
    22 | D        | Found a snail-covered altar of Cheibriados.
    24 | D        | Found a radiant altar of Vehumet.
    24 | D        | Found a corrupted altar of Lugonu.
    25 | D        | Found a hide-covered altar of Uskayaw.
    25 | D        | Found an ancient bone altar of Kikubaaqudgha.
    25 | D        | Found a broken altar of Ashenzari.
    31 | D        | Became a worshipper of the Shining One
    67 | D        | Noticed a scorpion
    72 | D        | Succumbed to a scorpion's poison

Illustrated notes

Levels and vault maps discovered:
D:        pitsprint [storerooms_1, entrance_room_1, metal_vault_6, armoury_2,
          mini_pit_1, grid_room_1, main_hall_1, silver_pit, the_coven_1,
          the_vestibule_1, steel_vault_3, golden_pit, hallway_of_sentries,
          crystal_vault_2, iron_vault_2, final_vault]

Skill      XL: |  1 |
---------------+----+-----
Fighting       | 4 |  4.0
Armour         | 4 |  4.0
Shields        | 4 |  4.0
Axes           | |  2.5

Action                   || total
-------------------------++-------
Melee: Hand axe          ||     5
Armor: Scale mail        ||     1
Dodge: Dodged            ||     2
Block: Kite shield       ||     2

Table legend: (Time is in decaauts)
 A = Elapsed time spent in this place.
 B = Non-inter-level travel time spent in this place.
 C = Inter-level travel time spent in this place.
 D = Time resting spent in this place.
 E = Time spent auto-exploring this place.
 F = Levels seen in this place.
 G = Mean time per level.
                   A        B        C        D        E       F      G
               +--------+--------+--------+--------+--------+-----+--------+
         Total |     73 |     73 |      0 |      0 |      0 |   1 |   73.0 |
       Dungeon |     73 |     73 |      0 |      0 |      0 |   1 |   73.0 |
               +--------+--------+--------+--------+--------+-----+--------+

Top non-repeatable levels by time:
       D: 73 daAuts
